 Dungeon Crawl Stone Soup version 0.28.0-53-g5a82cb258f (webtiles) character file.

Game seed: 14901343802623418039

1831 buhh the Transmogrifier (level 9, 0/73 HPs)
             Began as an Octopode Transmuter on June 17, 2022.
             Was an Initiate of Cheibriados.
             Slain by a killer bee (4 damage)
             ... on level 7 of the Dungeon.
             The game lasted 00:24:00 (7412 turns).

buhh the Transmogrifier (Octopode Transmuter)       Turns: 7412, Time: 00:24:00

Health: 0/73       AC:  7    Str: 16    XL:     9   Next: 11%
Magic:  8/12       EV: 10    Int: 20    God:    Cheibriados [......]
Gold:   202        SH:  0    Dex: 20    Spells: 2/12 levels left

rFire   x . .      SeeInvis .     - Unarmed
rCold   + + +      Faith    .   (shield currently unavailable)
rNeg    . . .      Spirit   .   (helmet currently unavailable)
rPois   +          Reflect  .   e - amulet of regeneration
rElec   .          Harm     .   b - +6 ring of dexterity
rCorr   .          Rampage  .   a - +6 ring of strength
Will    .....                   (no ring)
Stlth   ++........              (no ring)
HPRegen 1.02/turn               (no ring)
MPRegen 0.13/turn               (no ring)
                                (no ring)
                                (no ring)

@: mighty, about to teleport, ice-form, very slow
A: freezing attack, boosted hp, almost no armour, amphibious, 8 rings, large,
(camouflage 1), (gelatinous body 1), (nimble swimmer 1), (tentacles)
a: End Transformation, Renounce Religion


You were on level 7 of the Dungeon.
You worshipped Cheibriados.
Cheibriados was noncommittal.
You were a creature of crystalline ice.
You visited 2 branches of the dungeon, and saw 8 of its levels.

You collected 202 gold pieces.

Inventory:

Missiles
 q - 32 poisoned darts (quivered)
Jewellery
 a - a +6 ring of strength (right front paw)
 b - a +6 ring of dexterity (left front paw)
 e - an amulet of regeneration (around neck)
 n - an amulet of faith {!P}
Scrolls
 c - a scroll of fear {unknown}
 j - a scroll of magic mapping {unknown}
 m - a scroll of vulnerability {unknown}
 r - a scroll of noise {unknown}
 t - 2 scrolls of teleportation {!d}
 X - 3 scrolls of amnesia
Potions
 f - a potion of might
 h - a potion of mutation {unknown}
 i - a potion of heal wounds {unknown}
 o - a potion of magic {unknown}
 p - 2 potions of flight {unknown}
 s - a potion of degeneration {unknown}
 K - 3 potions of brilliance {!q!d}
 O - 2 potions of haste {!q!d}


   Skills:
 - Level 5.0 Fighting
 - Level 3.0 Throwing
 - Level 2.0 Dodging
 - Level 1.0 Stealth
 - Level 3.0 Unarmed Combat
 - Level 2.0 Spellcasting
 - Level 8.0 Transmutations
 * Level 5.8 Ice Magic


You had 2 spell levels left.
You knew the following spells:

 Your Spells              Type           Power      Damage    Failure   Level
a - Beastly Appendage     Tmut           68%        N/A       1%          1
b - Wereblood             Tmut           34%        N/A       1%          2
c - Spider Form           Tmut/Pois      18%        N/A       9%          3
d - Ice Form              Ice/Tmut       29%        N/A       9%          4

Your spell library contained the following spells:

 Spells                   Type           Power      Damage    Failure   Level
 Passwall                 Tmut/Erth      15%        N/A       4%          2
 Apportation              Tloc           4%         N/A       16%         1
 Sandblast                Erth           4%         2d4       16%         1
 Stone Arrow              Conj/Erth      4%         3d7       43%         3
 Alistair's Intoxication  Tmut/Pois      12%        N/A       63%         5
 Lehudib's Crystal Spear  Conj/Erth      1%         10d2      100%        8
 Animate Armour           Summ/Erth      Unusable   N/A       N/A         4

Dungeon Overview and Level Annotations

Branches:
Dungeon (7/15)             Temple (1/1) D:7

Altars:
Cheibriados
Fedhas
Hepliaklqana
Qazlal
Ru
Sif Muna
Uskayaw
Vehumet
Wu Jian
Yredelemnul
The Shining One

Shops:
D:1 (

Annotations:
D:5 exclusion: vampire
D:6 exclusion: steam dragon


Innate Abilities, Weirdness & Mutations

You are a creature of crystalline ice.
You have a powerful freezing melee attack.
Your maximum health is increased.
Your armour is entirely melded.
You are incapable of wielding weapons or throwing items.
You cannot wear most types of armour.
You are amphibious.
You can wear up to eight rings at the same time.
((Your skin changes colour to match your surroundings (Stealth+).))
((Your rubbery body absorbs attacks. (AC +1, EV +1)))
((You are camouflaged when in or above water. (Stealth+)))
((You have tentacles for arms and can constrict up to eight enemies at once.))


Message History

* * * LOW HITPOINT WARNING * * *
You hit something. You freeze something. Something hits you but does no damage.
Really quaff
N - 2 potions of curing {!q!d}?
You feel better.
Really quaff
N - a potion of curing {!q!d}?
You feel better. Something hits you!
* * * LOW HITPOINT WARNING * * *
Something hits you!
* * * LOW HITPOINT WARNING * * *
You barely miss something. Something hits you!
* * * LOW HITPOINT WARNING * * *
As you read the scroll of teleportation {!d}, it crumbles to dust.
You feel strangely unstable. Something hits you but does no damage.
You punch something! You freeze something.
Something hits you but does no damage.
You punch something! You freeze something.
Cheibriados thoroughly appreciates the change of pace.
Reactivating autopickup.
You feel a bit more experienced.
Your Ice Magic skill increases to level 5!
You have reached level 9!
Your experience leads to an increase in your attributes!
Your base attributes are Str 9, Int 17, Dex 13.
Increase (S)trength, (I)ntelligence, or (D)exterity?
You feel clever. x2
Your surroundings suddenly seem different. 2 killer bees come into view.
Found a glowing leather armour and a scroll of teleportation.
Found a basalt altar of Yredelemnul.
The killer bee buzzes angrily.
You hear an angry buzzing noise.
The killer bee closely misses you.
As you read the scroll of teleportation {!d}, it crumbles to dust.
You feel strangely unstable. The killer bee stings you.
* * * LOW HITPOINT WARNING * * *
The killer bee misses you.
The killer bee stings you but does no damage.
The killer bee stings you.
* * * LOW HITPOINT WARNING * * *
The killer bee barely misses you. The killer bee stings you.
You die...

...⌠... .....
....... .....
.......###.....
..._..........#
............#
#..........#
#..........#
#Y..?...#
#yy.....#
#...[...#
#.......#
#........
#.......#
#.......#
......###
###.#.#


You could see 2 killer bees.

Vanquished Creatures
  An unseen horror (D:7)
  Eustachio (D:5)
  A sky beast (D:6)
  A black bear (D:4)
  2 necrophages
  A kobold brigand (D:6)
  3 bullfrogs
  A scorpion (D:4)
  A water moccasin zombie (D:5)
  A wyvern skeleton (D:6)
  A howler monkey (D:5)
  A bullfrog skeleton (D:3)
  A hound (D:7)
  A jelly (D:6)
  A centaur skeleton (D:6)
  A gnoll shaman (D:5)
  A bullfrog zombie (D:5)
  5 iguanas
  2 orc wizards
  2 hound skeletons (D:5)
  8 gnolls
  3 adders
  A white imp (D:6)
  2 ufetubi
  An adder skeleton (D:5)
  4 worms
  2 dart slugs
  13 orcs
  3 endoplasms
  2 giant cockroaches
  11 hobgoblins
  4 jackals (D:3)
  3 quokkas
  4 ball pythons
  4 bats
  3 frilled lizards
  8 goblins
  12 kobolds
  10 rats
127 creatures vanquished.

Vanquished Creatures (others)
  4 plants (D:1)
4 creatures vanquished.

Grand Total: 131 creatures vanquished

Notes
Turn   | Place    | Note
-------+----------+-------------------------------------------
     0 | D:1      | buhh the Octopode Transmuter began the quest for the Orb.
     0 | D:1      | Reached XP level 1. HP: 13/13 MP: 3/3
   166 | D:1      | Reached XP level 2. HP: 16/19 MP: 3/5
   304 | D:1      | Found Kanel's Weapon Shop.
  1424 | D:2      | Reached XP level 3. HP: 25/25 MP: 4/6
  1463 | D:2      | Found a faded altar of an unknown god.
  1984 | D:2      | Reached XP level 4. HP: 30/30 MP: 4/7
  2271 | D:3      | Found a stormy altar of Qazlal.
  2417 | D:3      | Reached XP level 5. HP: 27/36 MP: 6/8
  2666 | D:3      | Found a sacrificial altar of Ru.
  3127 | D:4      | Noticed a black bear
  3564 | D:4      | Reached XP level 6. HP: 45/45 MP: 7/9
  4160 | D:4      | Killed a black bear
  4161 | D:4      | Reached skill level 3 in Transmutations
  4399 | D:5      | Entered Level 5 of the Dungeon
  4568 | D:5      | Reached skill level 4 in Transmutations
  4568 | D:5      | Reached XP level 7. HP: 32/50 MP: 8/10
  4612 | D:5      | Noticed a vampire
  4825 | D:5      | Noticed Eustachio
  4845 | D:5      | Killed Eustachio
  4846 | D:5      | Reached skill level 5 in Transmutations
  5274 | D:6      | Noticed a steam dragon
  5303 | D:6      | Reached skill level 6 in Transmutations
  5309 | D:6      | Reached XP level 8. HP: 32/55 MP: 11/11
  5446 | D:4      | Learned a level 2 spell: Wereblood
  5450 | D:4      | Learned a level 3 spell: Spider Form
  5455 | D:4      | Learned a level 4 spell: Ice Form
  6195 | D:5      | Reached skill level 7 in Transmutations
  6497 | D:6      | Reached skill level 8 in Transmutations
  6615 | D:6      | Found a hide-covered altar of Uskayaw.
  7108 | D:7      | Found a staircase to the Ecumenical Temple.
  7263 | Temple   | Entered the Ecumenical Temple
  7283 | Temple   | Became a worshipper of Cheibriados the Contemplative
  7406 | D:7      | HP: 3/66 [something (8)]
  7409 | D:7      | Killed an unseen horror
  7410 | D:7      | Reached XP level 9. HP: 6/61 MP: 8/12
  7410 | D:7      | Found a basalt altar of Yredelemnul.
  7412 | D:7      | Slain by a killer bee

Illustrated notes

Levels and vault maps discovered:
D:1:      roderic_crop_circles_arrival_small, layout_loops_corners,
          serial_shops, nicolae_shop_trees
D:2:      layout_basic, shapermc_ecumenical_altar_totnotflames,
          kennysheep_cross_room, small_statue_intersection
D:3:      layout_loops_ring, nicolae_ru_great_annihilating_truth,
          nicolae_qazlal_general_emergency
D:4:      layout_loops_cross, serial_co_window_serial, co_window_cross_1,
          co_window_of_opportunity_a, co_window_of_opportunity_a,
          co_window_of_opportunity_a, co_window_corner_a, co_window_broadway_a,
          co_window_unsneaky_path_b, co_window_2corner, co_window_broadway_c,
          co_window_corner_b, co_window_4corner_a, co_window_paths_d,
          glass_columns_b, st_stairs_14, hangedman_decor_clover_reticule
D:5:      layout_loops_ring, uniq_eustachio
D:6:      layout_rooms, nicolae_uskayaw_dance_studio, serial_rivers,
          chequers_serial_rivers_micro_d, chequers_serial_rivers_micro_a,
          chequers_serial_rivers_room_a, chequers_serial_rivers_micro_b,
          chequers_serial_rivers_micro_e, chequers_serial_rivers_room_b,
          kennysheep_generic_room_16
D:7:      layout_basic, grunt_temple_overflow_open,
          minmay_temple_entry_statues_pillars, ebering_ghost_disaster_area,
          serial_shops, shop_fountains, kennysheep_mini, shop, shop
Temple:   regret_index_temple_waves

Skill      XL: |  1  2  3  4  5  6  7  8 |
---------------+-------------------------+-----
Stealth        | 1 |  1.0
Fighting       | 2 3 4 5 |  5.0
Throwing       | 1 3 |  3.0
Transmutations | 4 6 8 |  8.0
Ice Magic      | 5 |  5.8
Dodging        | |  2.0
Unarmed Combat | |  3.0
Spellcasting   | |  2.0

Action                   |  1- 3 |  4- 6 |  7- 9 || total
-------------------------+-------+-------+-------++-------
Melee: Unarmed           |    71 |   104 |   136 ||   311
       Constrict         |    23 |    33 |    19 ||    75
       Kick              |    25 |    40 |    34 ||    99
       Tentacles         |    16 |    30 |    25 ||    71
       Punch             |     1 |     3 |     4 ||     8
Throw: Dart              |       |    29 |    67 ||    96
 Cast: Beastly Appendage |    28 |    31 |    12 ||    71
       Ice Form          |       |       |     4 ||     4
       Spider Form       |       |       |     3 ||     3
  Use: Scroll            |       |       |     8 ||     8
       Potion            |       |       |     3 ||     3
 Stab: Sleeping          |     7 |     6 |       ||    13
       Invisible         |       |     1 |       ||     1
       Paralysed         |       |     1 |       ||     1
Armor: Skin              |     3 |     4 |    19 ||    26
Dodge: Dodged            |    22 |    52 |   102 ||   176
